 Dungeon Crawl Stone Soup version 0.30-b1-5-g8e6c1be481 (webtiles) character file.

Game seed: 12957299873101214066

445 RascalDebosk the Trooper (level 7, -12/53 HPs)
             Began as a Djinni Reaver on May 4, 2023.
             Mangled by an ogre
             ... wielding a +0 giant club
              (24 damage)
             ... on level 5 of the Dungeon.
             The game lasted 00:21:49 (3739 turns).

RascalDebosk the Trooper (Djinni Reaver)            Turns: 3739, Time: 00:21:50

Health: -12/53     AC:  6    Str: 11    XL:     7   Next: 24%
Gold:   268        EV: 11    Int: 16    God:
                   SH:  0    Dex: 24

rFire   + + .        a - +0 falchion
rCold   x . .        (no shield)
rNeg    . . .        m - +0 ring mail
rPois   ∞            (no helmet)
rElec   .            f - +0 cloak
rCorr   .            (no gloves)
SInv    .            (boots unavailable)
Will    .....        (no amulet)
Stlth   +            h - +6 ring of dexterity
HPRegen 0.28/turn    o - +6 ring of dexterity
MPRegen 0.00/turn

%: infuse magic (-13 HP)
@: immotile, flying
A: sickness immunity, fire resistance 2, cold vulnerability 1, float, innate
caster, HP casting, extra vitality 1
a: no special abilities


You were on level 5 of the Dungeon.
You visited 1 branch of the dungeon, and saw 5 of its levels.

You collected 268 gold pieces.

Inventory:

Hand Weapons
 a - a +0 falchion (weapon)
Missiles
 r - 2 throwing nets {@!f}
Armour
 b - a +0 leather armour
 f - a +0 cloak (worn)
 m - a +0 ring mail (worn)
 n - a +0 chain mail
Jewellery
 h - a +6 ring of dexterity (left hand)
 o - a +6 ring of dexterity (right hand)
Scrolls
 e - 9 scrolls of identify {unknown}
 g - a scroll of fog {unknown}
 k - a scroll of enchant weapon {unknown}
 q - a scroll of noise {unknown}
 s - a scroll of silence {unknown}
 t - 2 scrolls of blinking {unknown}
 v - a scroll of teleportation {unknown}
 y - a scroll of magic mapping {unknown}
Potions
 c - a potion of haste {unknown}
 d - 2 potions of flight {unknown}
 i - a potion of mutation {unknown}
 j - a potion of berserk rage {unknown}
 l - 3 potions of heal wounds {unknown}
 p - 2 potions of curing {unknown}
 u - a potion of might {unknown}
 w - 2 potions of attraction {unknown}
 x - a potion of resistance {unknown}


   Skills:
 * Level 4.4 Fighting
 + Level 3.7 Long Blades
 + Level 2.5 Armour
 - Level 2.1 Dodging
 * Level 3.9 Spellcasting


You knew the following spells:

 Your Spells              Type           Power      Damage    Failure   Level
a - Kiss of Death         Conj/Necr      60%        2d10      9%          1
b - Momentum Strike       Conj/Tloc      30%        3d8       12%         2
c - Hailstorm             Conj/Ice       15%        3d5       24%         3
d - Apportation           Tloc           30%        N/A       9%          1
e - Passwall              Tmut/Erth      12%        N/A       12%         2
f - Vhi's Electric Charg  Tloc/Air       30%        N/A       24%         3
Your spell library was empty.

Dungeon Overview and Level Annotations

Branches:
Dungeon (5/15)
 Temple: D:4-7

Altars:
Cheibriados
Uskayaw

Shops:
D:2 [


Innate Abilities, Weirdness & Mutations

You are immune to sickness and miasma.
You are immune to poison.
Your flesh is very heat resistant. (rF++)
You are vulnerable to cold. (rC-)
You float through the air rather than walking.
You learn spells naturally, not from books.
Your magical power is your life essence.
You have superior vitality. (+4 MHP)


Message History

You see here an adder corpse.
A kobold comes into view. It is wielding a +0 dagger.
The kobold shouts!
You hit the kobold.
The kobold is severely wounded.
The kobold barely misses you.
You slash the kobold!
You kill the kobold!
Things that are here:
a +0 dagger; a kobold corpse As you open the door, it creaks loudly!
There is an open door here.
You reach down and open the door.
There is an open door here.
There is an open door here.
There is an open door here.
Found a stone staircase leading up.
You see here a book of Touch.
There is a shaft here.
w - 2 emerald potions (gained 1)
There is an open door here.
Items here: (( )) [.
Done exploring.
There is a stone staircase leading down here.
You fly downwards.
The adder hisses angrily.
Found a stone staircase leading down.
There is a stone staircase leading up here.
You hit the adder.
The adder is lightly wounded.
The adder closely misses you.
You hit the adder.
The adder is moderately wounded.
The adder closely misses you.
You hit the adder but do no damage.
The adder is moderately wounded.
The adder closely misses you. The adder bites you but does no damage.
You closely miss the adder.
The adder is moderately wounded.
The adder bites you but does no damage. The adder barely misses you.
You closely miss the adder.
The adder is moderately wounded.
The adder bites you.
You barely miss the adder.
The adder is moderately wounded.
The adder bites you.
You closely miss the adder.
The adder is lightly wounded.
The adder bites you but does no damage. The adder misses you.
You barely miss the adder.
The adder is lightly wounded.
The adder bites you but does no damage.
You hit the adder.
The adder is moderately wounded.
The adder bites you but does no damage. x2
You hit the adder but do no damage.
The adder is moderately wounded.
The adder closely misses you.
You slash the adder!
You kill the adder!
You see here an adder corpse.
HP restored.
A white imp comes into view.
Found 7 gold pieces.
The white imp shouts, "Escape, thou unctious motley-minded haggard!"
You hear a shout!
The white imp gestures at you. The puff of frost hits you.
You feel a terrible chill! The white imp gestures at you.
The puff of frost hits you.
You feel a terrible chill!
An ogre comes into view. It is wielding a +0 giant club.
Casting: Momentum Strike (safe; 12% risk of failure)
Confirm with . or Enter, or press ? or * to list all spells.
You can't see any susceptible monsters within range! (Use Z to cast anyway.)
Casting: Momentum Strike (safe; 12% risk of failure)
Confirm with . or Enter, or press ? or * to list all spells.
Aiming: Momentum Strike (safe; 12% risk of failure)
Press: ? - help, Dir - move target, f - white imp
Aim: a white imp (71% to hit)
The concentrated momentum hits the white imp!
The white imp is almost dead.
You are unable to move.
The white imp gestures at you. The puff of frost hits you!
You feel a terrible chill!
Casting: Momentum Strike (safe; 12% risk of failure)
Confirm with . or Enter, or press ? or * to list all spells.
You cannot redirect your momentum while unable to move.
You cannot move.
You cannot move.
A white imp is nearby!
The white imp gestures at you. The puff of frost hits you.
You feel a terrible chill! The white imp gestures at you.
The puff of frost hits you!!
You feel a terrible chill!
* * * LOW HITPOINT WARNING * * *
You closely miss the white imp.
The white imp is almost dead.
The white imp barely misses you.
The ogre hits you with a +0 giant club!!
You die...

#.....
.....# ..
..#.....#
......$...#
###.#.......
..........
#.##......#
..........#
#5O.# ##
#@..#
#..##..##
#......#
#...#..#
#......#
....##.#.#
.... #.#.#
.. #.#.#
#.#.##


You could see an ogre and a white imp.

Vanquished Creatures
  Grinder (D:3)
  A scorpion (D:2)
  2 gnolls (D:1)
  10 adders
  An ufetubus (D:4)
  3 orcs
  5 bats
  3 endoplasms
  7 giant cockroaches
  7 goblins
  7 hobgoblins
  3 jackals (D:1)
  2 quokkas
  8 ball pythons
  2 frilled lizards (D:1)
  6 kobolds
  10 rats
78 creatures vanquished.

Notes
Turn   | Place    | Note
-------+----------+-------------------------------------------
     0 | D:1      | RascalDebosk the Djinni Reaver began the quest for the Orb.
     0 | D:1      | RascalDebosk set off with the following spells memorised:
                  | Kiss of Death, Momentum Strike, Hailstorm.
     0 | D:1      | Reached XP level 1. HP: 18/18 MP: 0/0
   152 | D:1      | Reached XP level 2. HP: 22/23 MP: 0/0
   283 | D:1      | Reached XP level 3. HP: 18/29 MP: 0/0
   283 | D:1      | Learned a level 1 spell: Apportation
   624 | D:1      | Reached skill level 1 in Armour
   715 | D:1      | Reached XP level 4. HP: 16/34 MP: 0/0
  1260 | D:2      | Identified the +1 robe of Shielding {Str+2}
  1488 | D:2      | Found Ociwuomme's Armour Shop.
  1524 | D:2      | Noticed a scorpion
  1540 | D:2      | Killed a scorpion
  1541 | D:2      | Reached skill level 3 in Fighting
  1541 | D:2      | Reached XP level 5. HP: 3/40 MP: 0/0
  1541 | D:2      | Learned a level 2 spell: Passwall
  2069 | D:3      | Found a snail-covered altar of Cheibriados.
  2245 | D:3      | Noticed Grinder
  2252 | D:3      | Killed Grinder
  2253 | D:3      | Reached skill level 4 in Fighting
  2253 | D:3      | Reached XP level 6. HP: 37/47 MP: 0/0
  2253 | D:3      | Reached XP level 7. HP: 41/52 MP: 0/0
  2253 | D:3      | Learned a level 3 spell: Vhi's Electric Charge
  2610 | D:3      | Found a faded altar of an unknown god.
  2737 | D:3      | Found a hide-covered altar of Uskayaw.
  3698 | D:5      | Entered Level 5 of the Dungeon
  3739 | D:5      | Mangled by an ogre

Illustrated notes

Levels and vault maps discovered:
D:1:      onia_arrival_mini_maze, layout_loops_cross, minmay_pentomino_t2
D:2:      layout_loops_ring, serial_shops, shop, minmay_rat_gold_closets
D:3:      layout_basic, amcnicky_altar_gilded, lemuel_crystal_altar,
          portal_sewer_entry_d, ebering_ecumenical_altar_sacrificial,
          minivault_27, uniq_grinder
D:4:      layout_basic, nicolae_vehumet_altar_sigil
D:5:      layout_rooms, kennysheep_small_circle

Skill      XL: |  1  2  3  4  5 |
---------------+----------------+-----
Long Blades    | 3 |  3.7
Armour         | 1 2 |  2.5
Fighting       | 3 4 |  4.4
Spellcasting   | 3 |  3.9
Dodging        | |  2.1

Action                     |  1- 3 |  4- 6 |  7- 9 || total
---------------------------+-------+-------+-------++-------
  Melee: Falchion          |    85 |    98 |    49 ||   232
         Punch             |     3 |       |       ||     3
   Cast: Momentum Strike   |       |     4 |     3 ||     7
         Kiss of Death     |       |     1 |       ||     1
   Stab: Sleeping          |       |     2 |     1 ||     3
 Armour: Leather armour    |    25 |       |       ||    25
         Ring mail         |     4 |    47 |    24 ||    75
  Dodge: Dodged            |    49 |    69 |    28 ||   146
